 Dungeon Crawl Stone Soup version 0.29.1-15-g9cfb28693d (webtiles) character file.

Game seed: 16422611621442789265

705 javelincjr the Agent of Entropy (level 7, -10/55 HPs)
             Began as a Demonspawn Abyssal Knight on Mar 24, 2023.
             Was a Priest of Lugonu.
             Mangled by an ogre
             ... wielding a +0 giant club
              (31 damage)
             ... on level 5 of the Dungeon.
             The game lasted 00:17:14 (6480 turns).

javelincjr the Agent of Entropy (DsAK)              Turns: 6480, Time: 00:17:14

Health: -10/55     AC:  6    Str: 13    XL:     7   Next: 39%
Magic:  10/10      EV: 12    Int: 13    God:    Lugonu [***...]
Gold:   199        SH:  0    Dex: 14    Spells: 8/8 levels left

rFire   . . .      SeeInvis .   p - +0 war axe
rCold   . . .      Faith    .   (no shield)
rNeg    . . .      Spirit   .   b - +0 leather armour
rPois   .          Reflect  .   (helmet restricted)
rElec   .          Harm     .   (no cloak)
rCorr   .          Rampage  .   (no gloves)
Will    .....                   (no boots)
Stlth   +.........              (no amulet)
HPRegen 0.18/turn               (no ring)
MPRegen 0.12/turn               (no ring)

@: studying Ranged Weapons
A: horns 1, yellow scales 2, demonic magic 1
a: Renounce Religion, Depart the Abyss, Bend Space, Banish


You were on level 5 of the Dungeon.
You worshipped Lugonu.
Lugonu was most pleased with you.
You visited 2 branches of the dungeon, and saw 6 of its levels.
You visited the Abyss 1 time.

You collected 199 gold pieces.

Inventory:

Hand Weapons
 a - a +1 hand axe
 p - a +0 war axe (weapon)
Missiles
 d - 3 boomerangs
Armour
 b - a +0 leather armour (worn)
Scrolls
 c - 3 scrolls of teleportation
 h - a scroll of blinking
 j - a scroll of fear
 k - a scroll of fog
 l - a scroll of poison {unknown}
 r - a scroll of immolation {unknown}
 s - a scroll of enchant weapon {unknown}
Potions
 e - 2 potions of curing {unknown}
 f - a potion of degeneration {unknown}
 g - a potion of brilliance {unknown}
 i - a potion of might {unknown}
 m - 2 potions of resistance
 n - 2 potions of ambrosia {unknown}
 o - a potion of attraction {unknown}
 q - 3 potions of mutation {unknown}


   Skills:
 + Level 4.6 Fighting
 + Level 3.5 Axes
 + Level 3.6 Armour
 + Level 3.1 Dodging
 + Level 1.2 Spellcasting
 + Level 5.2 Invocations


You had 8 spell levels left.
You didn't know any spells.
Your spell library contained the following spells:

 Spells                   Type           Power      Damage    Failure   Level
 Sublimation of Blood     Necr           0%         N/A       45%         2
 Gell's Gravitas          Tloc           0%         N/A       71%         3
 Lesser Beckoning         Tloc           0%         N/A       71%         3
 Teleport Other           Tloc           0%         N/A       71%         3
 Petrify                  Tmut/Erth      0%         N/A       98%         4
 Irradiate                Conj/Tmut      0%         3d11      100%        5


Dungeon Overview and Level Annotations

Branches:
Dungeon (5/15)             Temple (1/1) D:4

Altars:
Cheibriados
Dithmenos
Gozag
Kikubaaqudgha
Nemelex Xobeh
Okawaru
Ru
Sif Muna
Trog
Uskayaw
Vehumet
Wu Jian
Xom


Innate Abilities, Weirdness & Mutations

You have a pair of small horns on your head.
You are mostly covered in yellow scales. (AC +3)
Spells you cast may paralyse adjacent enemies.


Message History

A white imp comes into view.
The orc priest pulls the alarm!
The alarm trap emits a blaring wail!
A sentinel's mark forms upon you.
You hear a shout! x5; You hear an angry hiss. x2; You hear a shout!
You hear an angry hiss.
You hear a shout!
You hear an angry hiss.
You hear a shout!
You climb upwards.
There is a stone staircase leading down here.
You start resting.
The sentinel's mark upon you fades away.
You start resting.
HP restored.
You climb downwards.
You hear the sound of rushing water.
There is an entrance to a sewer on this level.
Hurry and find it before the portal rusts away!
You hear the slow rusting of a drain nearby.
The orc hits you with a +0 club.
The orc priest invokes the aid of Beogh against you.
Beogh smites you!
The orc warrior hits you but does no damage.
There is a stone staircase leading up here.
You slash the orc warrior!
The orc warrior is heavily wounded.
You barely miss the orc. The orc hits you with a +0 club.
The orc warrior closely misses you.
You hit the ogre.
The ogre is lightly wounded.
You hit the orc priest. You closely miss the orc warrior. You slash the orc!
You kill the orc!
Lugonu accepts your kill. The ogre hits you with a +0 giant club!
The orc priest barely misses you. The orc warrior closely misses you.
An orc wizard comes into view. It is wielding a +0 dagger.
The orc warrior hits you with a +0 war axe!
The orc priest hits you with a +1 short sword of freezing.
The orc priest freezes you.
The ogre hits you with a +0 giant club!!
Ouch! That really hurt!
You die...

#.# # ##.# .# .
####..####.##.
#.#.............
#..............#
................
.......Ow.5.....
.......@o.......
........o.......
#...............
................
.#...........$..
#......#..$..#.
o....[..........
.#......#######.


You could see an orc warrior, an ogre, a worm, an orc priest, an orc wizard and
a white imp.

Vanquished Creatures
  Sigmund (D:2)
  An ogre (D:4)
  A hound (D:4)
  3 orc priests (D:4)
  Natasha (thrice) (D:3)
  An orc wizard (D:4)
  A worm (D:4)
  4 dart slugs
  13 orcs
  8 endoplasms
  5 giant cockroaches
  9 goblins
  8 hobgoblins
  2 jackals (D:1)
  3 kobolds
  8 quokkas
  8 ball pythons
  7 bats
  4 frilled lizards
  6 rats
96 creatures vanquished.

Vanquished Creatures (others)
  13 demonic plants (D:1)
  12 fungi (D:1)
  3 plants (D:1)
  12 withered plants (D:1)
40 creatures vanquished.

Grand Total: 136 creatures vanquished

Notes
Turn   | Place    | Note
-------+----------+-------------------------------------------
     0 | Abyss:1  | javelincjr the Demonspawn Abyssal Knight began the quest
                  | for the Orb.
     0 | Abyss:1  | Reached XP level 1. HP: 18/18 MP: 2/2
     2 | Abyss:1  | Found a corrupted altar of Lugonu.
    11 | Abyss:1  | Found a corrupted altar of Lugonu.
    15 | Abyss:1  | Found a corrupted altar of Lugonu.
    93 | Abyss:1  | Noticed a thrashing horror
    95 | D:1      | Escaped the Abyss
   268 | D:1      | Reached skill level 1 in Dodging
   310 | D:1      | Gained mutation: You are partially covered in yellow
                  | scales. (AC +2) [demonic ancestry]
   310 | D:1      | Reached XP level 2. HP: 22/24 MP: 4/4
   364 | D:1      | Reached ** piety under Lugonu
   733 | D:1      | Reached skill level 3 in Invocations
   733 | D:1      | Gained mutation: You have a pair of small horns on your
                  | head. [demonic ancestry]
   733 | D:1      | Reached XP level 3. HP: 29/29 MP: 5/5
   776 | D:1      | Found a faded altar of an unknown god.
  1565 | D:2      | Noticed Sigmund
  1582 | D:2      | Killed Sigmund
  1583 | D:2      | Reached skill level 4 in Invocations
  1583 | D:2      | Gained mutation: Spells you cast may paralyse adjacent
                  | enemies. [demonic ancestry]
  1583 | D:2      | Reached XP level 4. HP: 4/37 MP: 5/7
  1583 | D:2      | Reached XP level 5. HP: 5/42 MP: 5/8
  2805 | D:3      | Noticed Natasha
  2812 | D:3      | Killed Natasha
  3285 | D:3      | Reached *** piety under Lugonu
  3315 | D:3      | Noticed Natasha
  3330 | D:3      | Killed Natasha
  3331 | D:3      | Reached XP level 6. HP: 8/48 MP: 9/9
  3949 | D:3      | Noticed Natasha
  3958 | D:3      | Killed Natasha
  4750 | D:4      | Found a staircase to the Ecumenical Temple.
  4762 | Temple   | Entered the Ecumenical Temple
  4993 | Temple   | Identified a scroll of acquirement
  4993 | Temple   | Acquired a manual of Ranged Weapons
  5223 | D:4      | HP: 2/49 [something (3)]
  5252 | D:4      | Gained mutation: You are mostly covered in yellow scales.
                  | (AC +3) [demonic ancestry]
  5252 | D:4      | Reached XP level 7. HP: 26/55 MP: 5/10
  5505 | D:4      | Found a snail-covered altar of Cheibriados.
  5514 | D:4      | Reached skill level 5 in Invocations
  5629 | D:4      | Reached skill level 1 in Spellcasting
  6383 | D:5      | Entered Level 5 of the Dungeon
  6480 | D:5      | Mangled by an ogre

Illustrated notes

Levels and vault maps discovered:
D:1:      minmay_arrival_four_houses, layout_basic,
          shapermc_ecumenical_altar_gd, amcnicky_mini_rare_corridor_liquid,
          st_stairs_10
D:2:      layout_basic, serial_glass, glass_columns_b, glass_columns_a,
          uniq_sigmund
D:3:      layout_loops_corners, minivault_14, uniq_natasha
D:4:      minmay_spotlight, layout_cave_pods,
          mainiacjoe_overflow_large_starburst, minmay_temple_entry_statues,
          serial_column_ruins, column_ruins_circle_medium,
          column_ruins_square_huge, column_ruins_columns_water,
          column_ruins_open_tiny, column_ruins_columns_dead_end,
          column_ruins_columns_dead_end
D:5:      layout_rooms, lightli_sewer_entry_pipes, uniq_edmund
Temple:   eino_temple_water

Skill      XL: |  1  2  3  4  5  6  7 |
---------------+----------------------+-----
Dodging        | 1 2 3 |  3.1
Axes           | 2 3 |  3.5
Armour         | 2 3 |  3.6
Invocations    | 3 4 5 |  5.2
Fighting       | 4 |  4.6
Spellcasting   | 1 |  1.2

Action                   |  1- 3 |  4- 6 |  7- 9 || total
-------------------------+-------+-------+-------++-------
Melee: Hand axe          |   126 |    31 |       ||   157
       Headbutt          |     8 |    21 |    12 ||    41
       War axe           |       |   101 |    56 ||   157
       Punch             |       |     2 |     4 ||     6
Invok: Depart the Abyss  |     1 |       |       ||     1
       Banish            |       |     2 |       ||     2
  Use: Scroll            |       |     5 |       ||     5
       Potion            |       |     3 |       ||     3
 Stab: Sleeping          |       |     2 |       ||     2
Armor: Leather armour    |    39 |    72 |    13 ||   124
Dodge: Dodged            |    74 |    85 |    47 ||   206
